 Dungeon Crawl Stone Soup version 0.31-a0-231-g51bb95cda3 (webtiles) character file.

Game seed: 17595995871654084528

135 qw the Shooter (level 4, -2/37 HPs)
             Began as a Minotaur Hexslinger on July 6, 2023.
             Slain by an orc
             ... wielding a +0 hand axe
              (3 damage)
             ... on level 3 of the Dungeon.
             The game lasted 00:00:42 (1694 turns).

qw the Shooter (Minotaur Hexslinger)                Turns: 1694, Time: 00:00:42

Health: -2/37      AC:  5    Str: 12    XL:     4   Next: 97%
Magic:  0/4        EV: 11    Int: 10    God:
Gold:   74         SH:  0    Dex: 15    Spells: 4/5 levels left

rFire   . . .        Y - +1 sling
rCold   . . .        (no shield)
rNeg    + . .        g - +0 ring mail
rPois   .            (helmet restricted)
rElec   .            (no cloak)
rCorr   .            (no gloves)
SInv    .            (no boots)
Will    .....        e - amulet of guardian spirit
Stlth   +            b - ring of positive energy
HPRegen 0.26/turn    (no ring)
MPRegen 0.09/turn

%: guardian spirit
@: no status effects
A: horns 2, retaliatory headbutt
a: no special abilities


You were on level 3 of the Dungeon.
You visited 1 branch of the dungeon, and saw 3 of its levels.

You collected 74 gold pieces.


Innate Abilities, Weirdness & Mutations

You have a pair of horns on your head.
You reflexively headbutt those who attack you in melee.


   Skills:
 + Level 2.4 Fighting
 - Level 5.0 Ranged Weapons
 - Level 1.8 Armour
 - Level 2.1 Dodging
 - Level 1.0 Spellcasting
 - Level 2.0 Hexes


You had 4 spell levels left.
You knew the following spells:

 Your Spells              Type           Power      Damage    Failure   Level
a - Slow                  Hex            16%        N/A       32%         1

Your spell library contained the following spells:

 Spells                   Type           Power      Damage    Failure   Level
 Inner Flame              Hex/Fire       2%         N/A       83%         3
 Portal Projectile        Hex/Tloc       4%         N/A       83%         3
 Cause Fear               Hex            2%         N/A       97%         4

Inventory:

Hand Weapons
 Y - a +1 sling (weapon)
Armour
 a - a +0 leather armour of poison resistance
 g - a +0 ring mail (worn)
Jewellery
 b - a ring of positive energy (left hand)
 e - an amulet of guardian spirit (around neck)
Scrolls
 c - a scroll of enchant armour {unknown}
 h - a scroll of immolation {unknown}
Potions
 d - 2 potions of curing
 f - a potion of lignification {unknown}

Dungeon Overview and Level Annotations

Branches:
Dungeon (3/15)

Altars:
Sif Muna
Zin

Shops:
D:3 *


Message History

The hobgoblin barely misses you.
The orc hits you from afar with a +0 trident.
The hobgoblin closely misses you. You furiously retaliate!
You headbutt the hobgoblin!
You kill the hobgoblin!
You shoot a sling bullet. The sling bullet hits the orc.
The orc is moderately wounded.
The orc hits you from afar with a +0 trident.
You shoot a sling bullet.
The sling bullet closely misses the orc.
The sling bullet hits the orc.
The orc is lightly wounded.
The orc hits you from afar with a +0 trident.
The orc hits you with a +0 club.
You shoot a sling bullet.
The sling bullet closely misses the orc.
The sling bullet hits the orc.
The orc is heavily wounded.
The orc hits you from afar with a +0 trident.
The orc hits you from afar with a +0 trident!
The orc closely misses you.
You shoot a sling bullet. The sling bullet barely misses the orc.
The orc closely misses you. The orc barely misses you.
The orc hits you with a +0 hand axe.
You shoot a sling bullet. The sling bullet hits the orc.
You kill the orc!
The orc throws a boomerang.
The boomerang barely misses you. The orc hits you but does no damage.
You shoot a sling bullet.
The sling bullet closely misses the orc.
The orc closely misses you. x2; You furiously retaliate!
You headbutt the orc. The orc hits you with a +0 hand axe.
The orc hits you from afar with a +0 trident.
The orc hits you but does no damage. The orc hits you with a +0 hand axe.
You shoot a sling bullet.
The sling bullet hits the orc but does no damage.
The orc is heavily wounded.
The orc hits you from afar with a +0 trident.
The orc hits you with a +0 hand axe.
You die...

#.# ..# #.#
######..### #.#
#.......... #.#
##.###...## #
#.####.........# # #
######.#...........##
.####
......%%.......##..#
.....
.#####.#.#.....##..#
## #.. .#
#..........@o.#
...##.. .#
#.......####o......
....... .# #.#.#.###
o.##.## #...... .#
#.#.#.# .)# #.####.
.# #.#.#.# ..#
....... >### #.....#
..# #.##### ...#
...### ..# # ##.##
..... ..# # #..##
#..# #


You could see 3 orcs.

Vanquished Creatures
  Jessica (D:3)
  6 adders
  2 dart slugs (D:3)
  2 orcs (D:3)
  5 endoplasms
  A giant cockroach (D:1)
  6 goblins
  5 hobgoblins
  2 jackals (D:2)
  2 quokkas
  3 ball pythons
  5 bats
  4 frilled lizards
  3 kobolds
  5 rats
52 creatures vanquished.

Notes
Turn   | Place    | Note
-------+----------+-------------------------------------------
     0 | D:1      | qw the Minotaur Hexslinger began the quest for the Orb.
     0 | D:1      | Reached XP level 1. HP: 16/16 MP: 1/1
     0 | D:1      | 0 ||| qw: Version: 0.3-a-46-gb1f654a
     0 | D:1      | 0 ||| qw: Game counter: 1849
     0 | D:1      | 0 ||| qw: Melee chars always use a shield: true
     0 | D:1      | 0 ||| qw: God list: Okawaru
     0 | D:1      | 0 ||| qw: Allow faded altars: false
     0 | D:1      | 0 ||| qw: Do Orc after clearing Dungeon:15 true
     0 | D:1      | 0 ||| qw: Do second Lair branch before Depths: true
     0 | D:1      | 0 ||| qw: Lair rune preference: random
     0 | D:1      | 0 ||| qw: Goals: Normal
     0 | D:1      | 0 ||| PLANNING D:1-11
    90 | D:1      | Reached skill level 3 in Ranged Weapons
    94 | D:1      | Reached XP level 2. HP: 23/23 MP: 2/2
   412 | D:1      | 412 ||| UPGRADING to amulet of guardian spirit.
   417 | D:1      | 417 ||| READING scroll labelled MAZXIE UCWOWIN.
   418 | D:1      | 418 ||| READING 2 scrolls labelled NEAZXES ZEATH.
   419 | D:1      | 419 ||| READING scroll labelled JERAOSK MOCVU.
   420 | D:1      | 420 ||| DRINKING 3 bubbling purple potions.
   421 | D:1      | 421 ||| DROPPING scroll of poison.
   422 | D:1      | 422 ||| DROPPING scroll of butterflies.
   453 | D:2      | 453 ||| STAIRDANCE
   522 | D:2      | Reached XP level 3. HP: 27/29 MP: 3/3
   571 | D:2      | Reached skill level 4 in Ranged Weapons
   668 | D:2      | Found a shimmering blue altar of Sif Muna.
   712 | D:2      | Identified the +0 chain mail "Gauvisme" {Rampage rPois}
   938 | D:2      | Reached XP level 4. HP: 31/36 MP: 4/4
  1222 | D:2      | 1222 ||| UPGRADING to +0 ring mail.
  1232 | D:2      | 1232 ||| DROPPING +0 robe.
  1233 | D:2      | 1233 ||| UPGRADING to ring of positive energy.
  1234 | D:2      | 1234 ||| READING scroll labelled MUETAO UBAF.
  1321 | D:3      | Identified the +1 spear of Subjectivity {flame, rCorr Str+3
                  | Int+4 Stlth-}
  1340 | D:3      | Noticed Jessica
  1349 | D:3      | Killed Jessica
  1350 | D:3      | Reached skill level 1 in Armour
  1576 | D:3      | Reached skill level 5 in Ranged Weapons
  1592 | D:3      | Found Zin's Purification Station.
  1596 | D:3      | Found a glowing silver altar of Zin.
  1599 | D:3      | 1599 ||| SHOPLISTING potion of curing (90 gold, have 74).
  1693 | D:3      | HP: 6/37 [orc/+0 hand axe (6)]
  1694 | D:3      | HP: 1/37 [orc/+0 trident (5)]
  1694 | D:3      | Slain by an orc

Levels and vault maps discovered:
D:1:      lemuel_arrival_behind_the_door_small, layout_rooms,
          minmay_pentomino_t2
D:2:      layout_loops_ring, basic_altar
D:3:      layout_loops_ring, zin_purify, minmay_goblin_outpost, uniq_jessica

Skill      XL: |  1  2  3  4 |
---------------+-------------+-----
Ranged Weapons | 3 4 5 |  5.0
Fighting       | 2 |  2.4
Armour         | 1 |  1.8
Dodging        | |  2.1
Spellcasting   | |  1.0
Hexes          | |  2.0

Action                     |  1- 3 |  4- 6 || total
---------------------------+-------+-------++-------
   Fire: Sling             |    80 |    75 ||   155
    Use: Scroll            |     3 |     1 ||     4
         Potion            |     1 |       ||     1
 Armour: Robe              |     6 |     1 ||     7
         Ring mail         |       |     7 ||     7
  Dodge: Dodged            |    18 |    20 ||    38

Table legend:
 A = Non-vault XP
 B = Vault XP
 C = Vault XP percentage of total XP
 D = Non-vault monster count
 E = Vault monster count
 F = Vault count percentage of total count
                 A         B        C        D         E       F
            +---------+---------+-------+---------+---------+-------
      Total |     155 |      39 |  20.1 |      50 |       2 |   3.8
            +---------+---------+-------+---------+---------+-------
        D:1 |      38 |       2 |   5.0 |      16 |       1 |   5.9
        D:2 |      72 |       0 |   0.0 |      18 |       0 |   0.0
        D:3 |      45 |      37 |  45.1 |      16 |       1 |   5.9
            +---------+---------+-------+---------+---------+-------
